 Dungeon Crawl Stone Soup version 0.31.0-32-g396128a36d (webtiles) character file.

Game seed: 7487554049097201002

1287 MollyMolluskus the Ruffian (level 8, -3/82 HPs)
             Began as an Octopode Fighter on Mar 22, 2024.
             Slain by an orc
             ... wielding a +0 quarterstaff
              (7 damage)
             ... on level 6 of the Dungeon on Mar 23, 2024.
             The game lasted 00:14:15 (5328 turns).

MollyMolluskus the Ruffian (Octopode Fighter)       Turns: 5328, Time: 00:14:16

Health: -3/82      AC:  1    Str: 24    XL:     8   Next: 55%
Magic:  8/8        EV: 14    Int: 10    God:
Gold:   28         SH:  4    Dex: 11    Spells: 7/7 levels left

rFire   . .          .
                       - Unarmed
rCold   . . .        a - +0 buckler
rNeg    . . .        (helmet restricted)
rPois   .            (no amulet)
rElec   .            g - +6 ring of strength
rCorr   .            (no ring)
SInv    .            (no ring)
Will    .....        (no ring) Stlth
                     (no ring)
HPRegen 0.33/turn    (no ring)
MPRegen 0.11/turn    (no ring)
                     (no ring)

%: no passive effects
@: berserking, very quick
A: almost no armour, amphibious, 8 rings, camouflage 1, gelatinous body 1,
(nimble swimmer 1), tentacles
a: no special abilities


You were on level 6 of the Dungeon.
You visited 1 branch of the dungeon, and saw 6 of its levels.

You collected 280 gold pieces.
You spent 252 gold pieces at shops.

Inventory:

Missiles
 c - 12 poisoned darts
 j - 11 boomerangs (quivered)
Armour
 a - a +0 buckler (worn)
Jewellery
 g - a +6 ring of strength (left tentacle)
Wands
 k - a wand of polymorph (6)
 m - a wand of mindburst (8)
Potions
 b - a potion of might
 d - a potion of ambrosia {unknown}
 e - a potion of lignification
 f - 2 potions of haste
 h - a potion of attraction {unknown}
 i - a potion of mutation {unknown}
 l - a potion of cancellation {unknown}
 n - a potion of enlightenment {unknown}
 o - a potion of magic {unknown}
 p - a potion of resistance {unknown}
 q - a potion of berserk rage
 r - 6 potions of curing


   Skills:
 + Level 5.2 Fighting
 + Level 5.3 Dodging
 - Level 4.0 Stealth
 - Level 4.0 Shields
 * Level 6.6 Unarmed Combat
 + Level 2.5 Evocations


You had 7 spell levels left.
You didn't know any spells.
Your spell library contained the following spells:

 Spells                   Type           Power      Damage    Failure   Level
 Freeze                   Ice            0%         1d3       41%         1
 Necrotise                Necr           0%         1d4       41%         1
 Shock                    Conj/Air       0%         1d3       41%         1
 Summon Small Mammal      Summ           0%         N/A       41%         1
 Call Canine Familiar     Summ           0%         N/A       80%         3
 Gell's Gravitas          Tloc           0%         N/A       80%         3
 Swiftness                Air            0%         N/A       80%         3
 Teleport Other           Tloc           0%         N/A       80%         3
 Airstrike                Air            0%         2d(0-16)  99%         4
 Summon Blazeheart Golem  Fire/Summ      0%         N/A       99%         4
 Dispersal                Tloc           0%         N/A       100%        6


Dungeon Overview and Level Annotations

Branches:
Dungeon (6/15)
 Temple: D:4-7

Altars:
Ashenzari
Okawaru
Xom

Shops:
D:1 !=


Innate Abilities, Weirdness & Mutations

You cannot wear most types of armour.
You are amphibious.
You can wear up to eight rings at the same time.
Your skin changes colour to match your surroundings (Stealth+).
Your rubbery body absorbs attacks. (AC +1, EV +1)
((You are camouflaged when in or above water. (Stealth+)))
You have tentacles for arms and can constrict up to eight enemies at once.


Message History

The orc completely misses you. The sky beast misses you.
Unknown command.
You barely miss the sky beast. You squeeze the sky beast!
The sky beast is moderately wounded.
You constrict the bullfrog. The bullfrog barely misses you.
Unknown command.
You bludgeon the sky beast!
The sky beast is heavily wounded.
You constrict the bullfrog.
You kill the bullfrog!
The orc hits you with a +0 quarterstaff!
The sky beast misses you.
Unknown command.
You completely miss the sky beast. Your squeeze misses the sky beast.
The sky beast is heavily wounded.
The ice beast barely misses you. The orc barely misses you.
The sky beast hits you. The sky beast shocks you.
* * * LOW HITPOINT WARNING * * *
Unknown command.
You tentacle-slap the sky beast.
The sky beast is severely wounded.
Unknown command.
You barely miss the sky beast. Your squeeze misses the sky beast.
The sky beast is severely wounded.
You block the orc's attack. The sky beast hits you.
* * * LOW HITPOINT WARNING * * *
The sky beast shocks you.
* * * LOW HITPOINT WARNING * * *
The ice beast hits you.
* * * LOW HITPOINT WARNING * * *
The ice beast freezes you!
* * * LOW HITPOINT WARNING * * *
You barely miss the sky beast.
The sky beast is severely wounded.
Unknown command.
You closely miss the sky beast.
The sky beast is severely wounded.
The ice beast barely misses you.
The orc hits you with a +0 quarterstaff!
You die...

..# ##....# .....
#.###.....# ............
.<##......# #.).........
......†...# ...........
....#....#####..........
....###.....#...........
.....###))..............
###.....)..#....Y.......
#.....#..###...@Y....#
....###.##......o...##
##### #.#....[.>....#
...........##....
#...........# ...
#...........# ..
...#..##..?.# . ..##.#
....<#


You could see an ice beast, a sky beast and an orc.

Vanquished Creatures
  Grinder (D:5)
  Duvessa (D:4)
  A water moccasin (D:5)
  An ogre (D:5)
  A bullfrog (D:6)
  A scorpion (D:6)
  4 wights (D:6)
  Dowan (D:4)
  2 bombardier beetles (D:5)
  A jelly (D:5)
  An orc priest (D:5)
  A hound (D:5)
  Natasha (thrice) (D:4)
  9 adders
  A shadow imp (D:6)
  A dart slug (D:1)
  A ribbon worm (D:2)
  13 orcs
  9 endoplasms
  6 giant cockroaches
  7 goblins
  5 hobgoblins
  8 kobolds
  7 quokkas
  5 bats
  4 frilled lizards
  3 rats
98 creatures vanquished.

Notes
Turn   | Place    | Note
-------+----------+-------------------------------------------
     0 | D:1      | MollyMolluskus the Octopode Fighter began the quest for the
                  | Orb.
     0 | D:1      | Reached XP level 1. HP: 16/16 MP: 1/1
   243 | D:1      | Found Dujaen's Jewellery Boutique.
   256 | D:1      | Reached XP level 2. HP: 21/21 MP: 2/2
   387 | D:1      | Reached skill level 1 in Stealth
   549 | D:1      | Found Meghisme's Distillery.
   593 | D:1      | Reached XP level 3. HP: 21/26 MP: 3/3
   830 | D:2      | Found a shimmering altar of Xom.
  1098 | D:2      | Reached XP level 4. HP: 28/31 MP: 4/4
  1170 | D:2      | Found a faded altar of an unknown god.
  1177 | D:2      | Reached skill level 3 in Unarmed Combat
  1419 | D:1      | Bought a potion of curing for 36 gold pieces
  1655 | D:1      | Bought a potion of lignification for 36 gold pieces
  2310 | D:1      | Bought a potion of heal wounds for 60 gold pieces
  2366 | D:3      | Identified the +4 scale mail of Baedau {rPois Will+ Int-3
                  | SInv}
  2424 | D:4      | Noticed Duvessa
  2429 | D:4      | Noticed Dowan
  2499 | D:4      | Reached XP level 5. HP: 26/36 MP: 5/5
  2568 | D:4      | Got Beginning Sorcery
  2586 | D:4      | Found an iron altar of Okawaru.
  2727 | D:4      | Found a broken altar of Ashenzari.
  2831 | D:4      | Killed Dowan
  2876 | D:4      | Killed Duvessa
  2877 | D:4      | Reached skill level 4 in Unarmed Combat
  2877 | D:4      | Reached XP level 6. HP: 21/43 MP: 6/6
  3097 | D:4      | Noticed Natasha
  3109 | D:4      | Killed Natasha
  3252 | D:4      | Noticed Natasha
  3259 | D:4      | Killed Natasha
  3326 | D:4      | Noticed Natasha
  3334 | D:4      | Killed Natasha
  3401 | D:5      | Entered Level 5 of the Dungeon
  3736 | D:5      | Noticed Grinder
  3741 | D:5      | Paralysed by Grinder for 3 turns
  3747 | D:5      | Killed Grinder
  3748 | D:5      | Reached skill level 5 in Unarmed Combat
  3748 | D:5      | Reached XP level 7. HP: 18/49 MP: 7/7
  4325 | D:5      | Reached skill level 1 in Evocations
  4660 | D:5      | Reached XP level 8. HP: 35/54 MP: 8/8
  5075 | D:1      | Bought 2 potions of berserk rage for 120 gold pieces
  5179 | D:6      | Reached skill level 5 in Dodging
  5179 | D:6      | Reached skill level 6 in Unarmed Combat
  5184 | D:6      | Reached skill level 5 in Fighting
  5326 | D:6      | HP: 4/82 [ice beast (10)]
  5328 | D:6      | Slain by an orc

Illustrated notes

Levels and vault maps discovered:
D:1:      eino_arrival_cavern_b, layout_basic, serial_shops,
          nicolae_shop_gaudy_bauble, shop
D:2:      layout_basic, basic_altar, hellmonk_ecumenical_altar_inner_sanctum
D:3:      layout_loops_ring, kennysheep_generic_room_5
D:4:      layout_basic, ashenzari_conservatory_becter, okawaru_trees_2,
          uniq_natasha, uniq_duvessa
D:5:      layout_loops_corners, serial_aquarium, aquarium_bridge_straight
          [aquarium_subvault_bridge, aquarium_subvault_wall,
          aquarium_subvault_bridge, aquarium_subvault_wall],
          aquarium_window_double, aquarium_window_fake, aquarium_window_corner,
          aquarium_window_corner, aquarium_view_4, aquarium_balcony_1b,
          kennysheep_small_square, uniq_grinder
D:6:      layout_cave_pools, kennysheep_dice, uniq_sigmund

Skill      XL: |  1  2  3  4  5  6  7  8 |
---------------+-------------------------+-----
Stealth        | 1 2 3 4 |  4.0
Unarmed Combat | 3 4 5 6 |  6.6
Dodging        | 4 5 |  5.3
Fighting       | 4 5 |  5.2
Shields        | 4 |  4.0
Evocations     | 1 2 |  2.5

Action                     |  1- 3 |  4- 6 |  7- 9 || total
---------------------------+-------+-------+-------++-------
  Melee: Unarmed           |    67 |   113 |    63 ||   243
         Tentacles         |    17 |    32 |     9 ||    58
         Constrict         |    14 |    30 |    13 ||    57
         Punch             |     1 |     1 |     6 ||     8
  Throw: Stone             |       |     1 |       ||     1
         Boomerang         |       |       |    16 ||    16
  Evoke: Wand              |       |     1 |       ||     1
    Use: Scroll            |       |    10 |       ||    10
         Potion            |       |     1 |     1 ||     2
   Stab: Sleeping          |    13 |     4 |     2 ||    19
         Distracted        |       |       |     1 ||     1
 Armour: Skin              |    20 |    40 |    25 ||    85
  Dodge: Dodged            |    31 |    43 |    35 ||   109
  Block: Buckler           |    12 |    14 |     5 ||    31
